 Dungeon Crawl Stone Soup version 0.27-a0-1565-gad902ab807 (webtiles) character file.

Game seed: 6812684477034986461

8101 garrulousMonolith the Spear-Bearer (level 11, -18/85 HPs)
             Began as a Demonspawn Fighter on July 17, 2021.
             Was a Believer of Yredelemnul.
             Demolished by a boulder beetle (48 damage)
             ... on level 11 of the Dungeon.
             The game lasted 00:20:35 (12859 turns).

garrulousMonolith the Spear-Bearer (DsFi)          Turns: 12859, Time: 00:20:36

Health: -18/85     AC: 16    Str: 18    XL:     11   Next: 5%
Magic:  16/16      EV:  7    Int: 18    God:    Yredelemnul [**....]
Gold:   322        SH: 16    Dex: 18    Spells: 10/10 levels left

rFire    . . .     SeeInvis .   a - +1 trident (flame)
rCold    . . .     Faith    .   c - +0 kite shield
rNeg     . . .     Spirit   .   D - +2 chain mail {rPois}
rPois    +         Reflect  +   (helmet restricted)
rElec    .         Harm     .   p - +1 cloak
rCorr    .         Rampage  .   (no gloves)
Will     .....                  (no boots)
Stlth    ..........             o - amulet of reflection
HPRegen  0.24/turn              n - +6 ring of dexterity
MPRegen  0.15/turn              y - +6 ring of intelligence

@: hasted, very quick
A: antennae 1, ignite blood 2, powered by death 1, sharp scales 2
a: Renounce Religion, Animate Remains, Recall Undead Slaves, Injury Mirror


You were on level 11 of the Dungeon.
You worshipped Yredelemnul.
Yredelemnul was pleased with you.
You visited 2 branches of the dungeon, and saw 12 of its levels.

You collected 598 gold pieces.
You spent 276 gold pieces at shops.

Inventory:

Hand Weapons
 a - a +1 trident of flaming (weapon)
 d - a +3 broad axe
 F - a +2 whip of electrocution
Missiles
 j - a curare-tipped dart
 k - 19 boomerangs
 u - 19 poisoned darts (quivered)
 H - 5 javelins
Armour
 c - a +0 kite shield (worn)
 p - a +1 cloak (worn)
 D - a +2 chain mail of poison resistance (worn)
 G - a +3 plate armour of cold resistance
Jewellery
 g - a ring of positive energy
 n - a +6 ring of dexterity (left hand)
 o - an amulet of reflection (around neck)
 t - an amulet of regeneration
 y - a +6 ring of intelligence (right hand)
Wands
 b - a wand of paralysis (1)
 l - a wand of flame (1)
 s - a wand of iceblast (5)
Scrolls
 h - a scroll of immolation
 q - 2 scrolls of teleportation
 v - 2 scrolls of fear
 w - 2 scrolls of blinking
 A - a scroll of acquirement {unknown}
 C - a scroll of magic mapping
 E - 2 scrolls of amnesia {unknown}
 I - a scroll of noise {unknown}
Potions
 e - 2 potions of curing
 f - 7 potions of haste
 i - 2 potions of brilliance
 m - a potion of ambrosia
 r - a potion of lignification
 x - a potion of mutation
 z - a potion of flight {unknown}
 B - 2 potions of magic


   Skills:
 + Level 7.6 Fighting
 * Level 9.4 Polearms
 + Level 7.0 Armour
 + Level 3.3 Dodging
 + Level 7.0 Shields
 + Level 7.1 Invocations


You had 10 spell levels left.
You didn't know any spells.
Your spell library contained the following spells:

 Spells                   Type           Power      Damage    Failure   Level
 Static Discharge         Conj/Air       0%         N/A       100%        2
 Ignite Poison            Fire/Tmut/Pois 0%         N/A       100%        3
 Inner Flame              Hex/Fire       0%         N/A       100%        3
 Mephitic Cloud           Conj/Pois/Air  0%         N/A       100%        3
 Cause Fear               Hex            0%         N/A       100%        4
 Dispel Undead            Necr           0%         3d6       100%        4
 Sticky Flame             Conj/Fire      0%         2d3       100%        4
 Bolt of Magma            Conj/Fire/Erth 0%         4d4       100%        5
 Discord                  Hex            0%         N/A       100%        8


Dungeon Overview and Level Annotations

Branches:
Dungeon (11/15)            Temple (1/1) D:5            Lair (0/6) D:9
    Orc (0/2) D:9

Altars:
Ashenzari
Cheibriados
Dithmenos
Elyvilon
Fedhas
Gozag
Hepliaklqana
Kikubaaqudgha
Makhleb
Nemelex Xobeh
Okawaru
Qazlal
Ru
Sif Muna
Trog
Uskayaw
Vehumet
Wu Jian
Xom
Yredelemnul
Zin
The Shining One

Shops:
D:4 [   D:10 =

Annotations:
D:6 3 runed translucent doors, indyram44's ghost, novice GnWn
D:9 1 runed translucent door, freelancePsychic's ghost, novice DsWz
D:10 2 runed translucent doors


Innate Abilities, Weirdness & Mutations

You have a pair of small antennae on your head.
Your demonic aura often causes spilled blood to erupt in flames.
You regenerate a little health from kills.
You are mostly covered in razor-sharp scales. (AC +2, Slay +2)


Message History

Aim: a two-headed ogre, wielding a +0 giant spiked club and a +0 giant club The mass of ice explodes!
The iceblast engulfs the two-headed ogre!
The two-headed ogre is moderately wounded.
Aiming: Iceblast
Press: ? - help, Shift-Dir - straight line, f/p - two-headed ogre
Aim: a two-headed ogre, wielding a +0 giant spiked club and a +0 giant club (moderately wounded)
The mass of ice explodes!
The iceblast engulfs the two-headed ogre!
The two-headed ogre is heavily wounded.
Aiming: Paralyse
Press: ? - help, Shift-Dir - straight line, f/p - two-headed ogre
Aim: a two-headed ogre, wielding a +0 giant spiked club and a +0 giant club (heavily wounded, chance to affect: 28%)
The two-headed ogre suddenly stops moving!
The boulder beetle curls into a ball and begins rolling!
The helpless two-headed ogre fails to defend itself.
You puncture the two-headed ogre! You burn the two-headed ogre.
The two-headed ogre is severely wounded.
The two-headed ogre is engulfed in blazing flames.
The helpless two-headed ogre fails to defend itself.
You puncture the two-headed ogre! You burn the two-headed ogre.
You kill the two-headed ogre!
Yredelemnul accepts your kill.
A skeletal warrior comes into view. It is wielding a +0 battleaxe.
Your Armour skill increases to level 7!
You have reached level 11!
Your demonic ancestry asserts itself...
A wave of death washes over you.
The boulder beetle is engulfed in blazing flames.
The boulder beetle hits you!!!
Ouch! That really hurt!
The boulder beetle stops rolling and uncurls.
The boulder beetle is engulfed in blazing flames.
The boulder beetle curls into a ball and begins rolling!
You feel yourself speed up.
The boulder beetle is engulfed in blazing flames.
The boulder beetle hits you!!!
Ouch! That really hurt!
You die...
Your body rises from the dead as a mindless zombie.

#..#.....#^..#....[)....#...
#..#.....#...#....#.....#...
#..# #...#....#.#####...
#..#######...#....#.#.<.....
#............#....#(#.......
########''########....#.#...####
#.............°○.#....#.#...#
#..........z.z○B.######.#...#
#..####....####@.# ..##..#
#..####....####..# #..#
#..####...z####..# #..#
#..####....####..#
#..z°z...........#
#.......^!.......#
.§.....$$.......#
z..............#


You could see a boulder beetle (rolling) and 3 skeletal warriors.

Vanquished Creatures
  2 two-headed ogres
  Urug (D:11)
  Pikel (D:7)
  Maurice (D:10)
  A gargoyle (D:10)
  Maggie (D:8)
  A troll (D:9)
  Grinder (D:5)
  A shadow (D:11)
  A wyvern (D:9)
  3 yaks (D:10)
  A basilisk (D:11)
  A steam dragon (D:9)
  2 acid dragons
  A water moccasin (D:7)
  2 necrophages
  3 orc warriors
  3 ice beasts
  4 black bears
  2 centaurs
  A phantom (D:5)
  4 kobold brigands
  2 bullfrogs
  A gnoll sergeant (D:7)
  A water moccasin zombie (D:6)
  A wyvern skeleton (D:5)
  3 wights (D:8)
  6 electric eels
  2 howler monkeys
  3 centaur zombies
  2 hounds (D:5)
  An orc priest (D:10)
  2 gnoll shamans
  2 jellies
  Jessica (D:2)
  3 orc wizards
  6 adders
  18 gnolls
  A howler monkey skeleton (D:6)
  2 ufetubi
  35 orcs
  7 ball pythons
  A basilisk zombie (D:11)
  5 bats
  3 endoplasms
  3 giant cockroaches
  9 hobgoblins
  6 jackals
  4 quokkas
  2 frilled lizards (D:1)
  A gnoll zombie (D:9)
  11 goblins
  23 kobolds
  5 kobold zombies
  4 orc zombies
  3 rats
217 creatures vanquished.

Vanquished Creatures (collateral kills)
  A howler monkey (D:10)
1 creature vanquished.

Vanquished Creatures (others)
  2 gnoll zombies (D:9)
  A human zombie (D:8)
  3 kobold zombies (D:8)
  6 orc zombies
  2 yak zombies (D:10)
  4 fungi
  15 plants
33 creatures vanquished.

Grand Total: 251 creatures vanquished

Notes
Turn   | Place    | Note
-------+----------+-------------------------------------------
     0 | D:1      | garrulousMonolith the Demonspawn Fighter began the quest
                  | for the Orb.
     0 | D:1      | Reached XP level 1. HP: 18/18 MP: 1/1
     8 | D:1      | Noticed a minotaur skeleton
   426 | D:1      | Reached skill level 2 in Polearms
   560 | D:1      | Gained mutation: Your demonic aura sometimes causes spilled
                  | blood to erupt in flames. [demonic ancestry]
   560 | D:1      | Reached XP level 2. HP: 24/24 MP: 2/2
   927 | D:1      | Reached skill level 1 in Invocations
  1060 | D:2      | Gained mutation: You have a pair of small antennae on your
                  | head. [demonic ancestry]
  1060 | D:2      | Reached XP level 3. HP: 8/29 MP: 2/4
  1637 | D:2      | Noticed Jessica
  1645 | D:2      | Killed Jessica
  1893 | D:2      | Gained mutation: You are partially covered in razor-sharp
                  | scales. (AC +1, Slay +1) [demonic ancestry]
  1893 | D:2      | Reached XP level 4. HP: 34/35 MP: 5/5
  2021 | D:2      | Found a faded altar of an unknown god.
  2463 | D:3      | Reached skill level 3 in Polearms
  2699 | D:3      | Reached XP level 5. HP: 41/41 MP: 6/6
  3305 | D:4      | Found Ywoenyz's Armour Emporium.
  3325 | D:4      | Bought a +0 cloak for 54 gold pieces
  4053 | D:5      | Entered Level 5 of the Dungeon
  4060 | D:5      | Gained mutation: You are mostly covered in razor-sharp
                  | scales. (AC +2, Slay +2) [demonic ancestry]
  4060 | D:5      | Reached XP level 6. HP: 47/48 MP: 8/8
  4173 | D:5      | Found a staircase to the Ecumenical Temple.
  4179 | Temple   | Entered the Ecumenical Temple
  4449 | Temple   | Became a worshipper of Yredelemnul the Dark
  4551 | D:5      | Reached skill level 4 in Polearms
  4614 | D:5      | Reached XP level 7. HP: 54/54 MP: 9/9
  4700 | D:5      | Noticed Grinder
  4708 | D:5      | Killed Grinder
  5407 | D:6      | Reached skill level 5 in Polearms
  5440 | D:5      | Reached XP level 8. HP: 44/59 MP: 11/11
  5526 | D:5      | Reached skill level 5 in Invocations
  5569 | D:6      | Reached skill level 5 in Fighting
  5585 | D:6      | Reached skill level 6 in Polearms
  5779 | D:6      | Reached * piety under Yredelemnul
  5829 | D:6      | Found a shimmering altar of Xom.
  5888 | D:6      | Found a runed translucent gate.
  5888 | D:6      | Found a runed translucent gate.
  5888 | D:6      | Found a runed translucent gate.
  5891 | D:6      | Noticed indyram44's ghost (novice GnWn)
  6524 | D:7      | Noticed Pikel
  6538 | D:7      | Killed Pikel
  6539 | D:7      | Reached skill level 5 in Armour
  6539 | D:7      | Reached skill level 5 in Shields
  6539 | D:7      | Gained mutation: Your demonic aura often causes spilled
                  | blood to erupt in flames. [demonic ancestry]
  6539 | D:7      | Reached XP level 9. HP: 68/69 MP: 12/12
  6856 | D:7      | Reached skill level 7 in Polearms
  7301 | D:7      | Your ally Pikel died
  8804 | D:8      | Noticed Maggie
  8811 | D:8      | Killed Maggie
  8931 | D:8      | Reached ** piety under Yredelemnul
  8933 | D:8      | Your ally Maggie died
  8983 | D:8      | Identified the +2 leather armour of Poor Excuses {Fly rF-
                  | SInv}
  9387 | D:4      | Bought a +2 chain mail of poison resistance for 222 gold
                  | pieces
  9509 | D:9      | Reached skill level 8 in Polearms
  9540 | D:9      | Noticed a two-headed ogre
  9559 | D:9      | Killed a two-headed ogre
  9560 | D:9      | Reached skill level 1 in Dodging
  9560 | D:9      | Reached XP level 10. HP: 23/77 MP: 12/14
  9825 | D:9      | Found a staircase to the Orcish Mines.
 10615 | D:9      | Found a runed translucent door.
 10615 | D:9      | Noticed freelancePsychic's ghost (novice DsWz)
 10645 | D:9      | Found a staircase to the Lair.
 11214 | D:10     | Entered Level 10 of the Dungeon
 11316 | D:10     | Found a runed translucent door.
 11372 | D:10     | Found Othrumek's Jewellery Emporium.
 11668 | D:10     | Noticed a gargoyle
 11673 | D:10     | Killed a gargoyle
 11868 | D:10     | Found a runed translucent door.
 11972 | D:10     | Noticed Maurice
 11978 | D:10     | Killed Maurice
 11979 | D:10     | Reached skill level 9 in Polearms
 12526 | D:10     | Noticed a gargoyle
 12725 | D:11     | Noticed Urug
 12731 | D:11     | Killed Urug
 12843 | D:11     | Noticed a boulder beetle
 12845 | D:11     | Noticed a two-headed ogre
 12845 | D:11     | Noticed a skeletal warrior
 12845 | D:11     | Noticed a skeletal warrior
 12856 | D:11     | Killed a two-headed ogre
 12856 | D:11     | Noticed a skeletal warrior
 12857 | D:11     | Gained mutation: You regenerate a little health from kills.
                  | [demonic ancestry]
 12857 | D:11     | Reached XP level 11. HP: 85/85 MP: 16/16
 12859 | D:11     | Demolished by a boulder beetle

Illustrated notes

Levels and vault maps discovered:
D:1:      shiori_arrival_whats_in_store_for_you, layout_basic
D:2:      layout_basic, dreamdust_ecumenical_altar_grove,
          kennysheep_decorative_pillar, uniq_jessica
D:3:      minmay_diamond_boxcup, layout_loops_ring, minmay_misc_feat_nine_boxes,
          minmay_vboxes
D:4:      layout_loops_ring, serial_shops, shop
D:5:      minmay_spotlight, layout_basic, minmay_temple_entry_hall,
          minmay_crystal_water, uniq_grinder
D:6:      layout_cave_pools, mainiacjoe_overflow_catwalk,
          gammafunk_ghost_nasty_kobolds, chequers_big_river, st_stairs_9,
          kennysheep_generic_room_6
D:7:      layout_loops_corners, serial_rivers, chequers_serial_rivers_micro_a,
          chequers_serial_rivers_room_a, chequers_serial_rivers_large_b,
          chequers_serial_rivers_micro_a, chequers_serial_rivers_micro_c,
          chequers_serial_rivers_micro_d, uniq_pikel
D:8:      layout_loops_corners, uniq_maggie
D:9:      layout_basic, lair_entry_dummy, david_orc_2,
          hellmonk_ghost_happy_afterlife, evilmike_butchery
D:10:     cheibrodos_histonic, layout_basic, serial_shops, shop,
          kennysheep_cluttered_room, chequers_serial_rivers_micro_e,
          uniq_maurice
D:11:     layout_irregular_city, ebering_ghost_inner_flame,
          minmay_misc_feat_room, kennysheep_dice, uniq_urug
Temple:   nicolae_temple_the_god_donut

Skill      XL: |  1  2  3  4  5  6  7  8  9 10 |
---------------+-------------------------------+-----
Polearms       | 2 3 4 5 6 8 9 |  9.4
Invocations    | 1 2 3 4 5 7 |  7.1
Armour         | 3 4 5 6 7 |  7.0
Shields        | 3 4 5 6 7 |  7.0
Fighting       | 4 5 6 7 |  7.6
Dodging        | 1 3 |  3.3

Action                   |  1- 3 |  4- 6 |  7- 9 | 10-12 || total
-------------------------+-------+-------+-------+-------++-------
Melee: Trident           |   116 |   177 |   254 |   147 ||   694
Throw: Dart              |       |       |     2 |     1 ||     3
Invok: Animate Remains   |       |       |    23 |    27 ||    50
       Injury Mirror     |       |       |     1 |       ||     1
Evoke: Wand              |       |       |    20 |    12 ||    32
  Use: Potion            |     1 |       |     6 |     2 ||     9
       Scroll            |       |    11 |     5 |     1 ||    17
 Stab: Distracted        |       |       |     1 |       ||     1
       Paralysed         |       |       |       |     2 ||     2
Armor: Scale mail        |    50 |    61 |       |       ||   111
       Plate armour      |       |    10 |   100 |       ||   110
       Chain mail        |       |       |    17 |    42 ||    59
Dodge: Dodged            |    27 |    41 |    28 |    20 ||   116
Block: Kite shield       |    53 |    66 |   175 |    77 ||   371
       Reflection        |       |       |     9 |     5 ||    14

Table legend: (Time is in decaauts)
 A = Elapsed time spent in this place.
 B = Non-inter-level travel time spent in this place.
 C = Inter-level travel time spent in this place.
 D = Time resting spent in this place.
 E = Time spent auto-exploring this place.
 F = Levels seen in this place.
 G = Mean time per level.
                   A        B        C        D        E       F      G
               +--------+--------+--------+--------+--------+-----+--------+
         Total |  14006 |  13375 |    631 |   2556 |   8932 |  12 | 1167.2 |
       Dungeon |  13723 |  13130 |    593 |   2556 |   8691 |  11 | 1247.5 |
        Temple |    282 |    244 |     38 |      0 |    241 |   1 |  282.0 |
               +--------+--------+--------+--------+--------+-----+--------+

Top non-repeatable levels by time:
     D:9: 1951 daAuts
     D:7: 1704 daAuts
    D:10: 1633 daAuts
     D:8: 1632 daAuts
     D:2: 1231 daAuts
     D:5: 1187 daAuts
     D:3: 1162 daAuts
     D:6: 1150 daAuts
     D:1: 994 daAuts
     D:4: 837 daAuts
  Temple: 282 daAuts
    D:11: 237 daAuts
